 Dungeon Crawl Stone Soup version 0.29.1-15-g9cfb28693d (webtiles) character file.

Game seed: 14631100239486922683

9375 Delarado the Fighter (level 11, -1/89 HPs)
             Began as a Djinni Fire Elementalist on Apr 25, 2023.
             Was an Initiate of Makhleb.
             Slain by a wolf (6 damage)
             ... on level 11 of the Dungeon.
             The game lasted 00:48:54 (9311 turns).

Delarado the Fighter (Djinni Fire Elementalist)     Turns: 9311, Time: 00:48:55

Health: -1/89      AC:  4    Str: 11    XL:     11   Next: 73%
Gold:   748        EV: 12    Int: 17    God:    Makhleb [......] SH:  3 Dex: 14

rFire   + + +      SeeInvis .   t - +7 dagger of Wutuwk {vorpal, rF++ Stlth+}
rCold   x . .      Faith    .   D - +0 buckler
rNeg    . . .      Spirit   .   a - +0 robe
rPois   ∞          Reflect  .   H - +0 helmet
rElec   .          Harm     .   (no cloak)
rCorr   .          Rampage  .   N - +0 pair of gloves
Will    +....                   (boots unavailable)
Stlth   +++.......              m - amulet of regeneration
HPRegen 1.04/turn               (no ring)
MPRegen 0.00/turn               (no ring)

@: flying
A: sickness immunity, fire resistance 2, cold vulnerability 1, float, innate
caster, HP casting, extra vitality 1
a: Renounce Religion


You were on level 11 of the Dungeon.
You worshipped Makhleb.
Makhleb was noncommittal.
You visited 2 branches of the dungeon, and saw 12 of its levels.

You collected 762 gold pieces.
You spent 14 gold pieces at shops.

Inventory:

Hand Weapons
 c - a +0 club
 j - a +0 whip
 t - the +7 dagger of Wutuwk (weapon) {vorpal, rF++ Stlth+}
   (You found it on level 2 of the Dungeon)

   It inflicts extra damage upon your enemies.
   rF:        It greatly protects you from fire.
   Stlth:     It makes you more stealthy.
 v - the +7 Throatcutter {drain, coup de grace}
   (You found it on level 3 of the Dungeon)

   A truly terrible weapon, it drains the life of any living foe it strikes.
   It may instantly kill foes which have little health.
Missiles
 h - 7 boomerangs
 k - 91 stones
 w - 24 poisoned darts
Armour
 a - a +0 robe (worn)
 d - a +0 leather armour
 D - a +0 buckler (worn)
 H - a +0 helmet (worn)
 M - +0 acid dragon scales
 N - a +0 pair of gloves (worn)
Jewellery
 m - an amulet of regeneration (around neck)
 y - a ring of protection from fire
 G - an amulet of faith
Wands
 o - a wand of digging (4)
 E - a wand of iceblast (27)
 F - a wand of flame (15)
 I - a wand of polymorph (9)
Scrolls
 e - a scroll of magic mapping
 i - a scroll of immolation
 l - 2 scrolls of blinking
 n - 2 scrolls of butterflies
 q - 3 scrolls of poison
 x - a scroll of torment
 z - 7 scrolls of teleportation
 A - 3 scrolls of vulnerability
 C - a scroll of acquirement {unknown}
 J - a scroll of brand weapon {unknown}
 L - 3 scrolls of identify
 O - a scroll of noise {unknown}
Potions
 b - 9 potions of curing
 f - 3 potions of lignification {unknown}
 g - a potion of cancellation {unknown}
 p - a potion of resistance
 r - 3 potions of heal wounds
 s - a potion of might
 u - 2 potions of attraction
 B - 6 potions of mutation {unknown}
 K - a potion of brilliance {unknown}


   Skills:
 - Level 12.0 Fighting
 - Level 2.1 Dodging
 - Level 1.5 Stealth
 + Level 10.3 Spellcasting


You had 3 spell levels left.
You knew the following spells:

 Your Spells              Type           Power      Damage    Failure   Level
a - Foxfire               Conj/Fire      100%       2x1d9     1%          1
b - Scorch                Fire           88%        2d9       1%          2
c - Conjure Flame         Conj/Fire      44%        6-21      1%          3
d - Inner Flame           Hex/Fire       44%        N/A       1%          3
e - Flame Wave            Conj/Fire      44%        2d11      1%          4
f - Sting                 Tmut/Pois      100%       1d8       1%          1
g - Blink                 Tloc           88%        N/A       1%          2
h - Lesser Beckoning      Tloc           44%        N/A       1%          3
i - Ozocubu's Armour      Ice            44%        N/A       1%          3
j - Borgnjor's Vile Clut  Necr/Erth      22%        N/A       4%          5
Your spell library was empty.

Dungeon Overview and Level Annotations

Branches:
Dungeon (11/15)            Temple (1/1) D:4             Orc (0/2) D:9
   Lair: D:8-11

Altars:
Ashenzari
Cheibriados
Dithmenos
Elyvilon
Fedhas
Gozag
Hepliaklqana
Makhleb
Nemelex Xobeh
Okawaru
Qazlal
Ru
Trog
Uskayaw
Wu Jian
Xom
Yredelemnul
Zin
The Shining One

Shops:
D:5 *

Annotations:
D:10 3 runed translucent doors, alexxx's ghost, journeyman FeSu
D:11 1 transporter


Innate Abilities, Weirdness & Mutations

You are immune to sickness and miasma.
You are immune to poison.
Your flesh is very heat resistant. (rF++)
You are vulnerable to cold. (rC-)
You float through the air rather than walking.
You learn spells naturally, not from books.
Your magical power is your life essence.
You have superior vitality. (+4 MHP)


Message History

Confirm with . or Enter, or press ? or * to list all spells.
You don't know that spell.
Casting: Scorch (safe; 1% risk of failure)
Confirm with . or Enter, or press ? or * to list all spells.
Flames lash the vampire mosquito.
The vampire mosquito is burned terribly!
The vampire mosquito is almost destroyed.
* * * LOW HITPOINT WARNING * * *
The vampire mosquito bites you!
* * * LOW HITPOINT WARNING * * *
The vampire mosquito closely misses you.
The vampire mosquito bites you!
* * * LOW HITPOINT WARNING * * *
Casting: Scorch (safe; 1% risk of failure)
Confirm with . or Enter, or press ? or * to list all spells.
Flames lash the vampire mosquito.
The vampire mosquito is burned terribly!
You destroy the vampire mosquito!
Makhleb accepts your kill.
* * * LOW HITPOINT WARNING * * *
You hear a howl!
A wolf comes into view.
Your magical contamination has completely faded away.
The wolf barely misses you. The wolf closely misses you.
The cyclops shouts!
You hear a horrible gurgling sound!
Casting: Scorch (safe; 1% risk of failure)
Confirm with . or Enter, or press ? or * to list all spells.
Aiming: Borgnjor's Vile Clutch (dangerous; 4% risk of failure)
Press: ? - help, Shift-Dir - straight line, f - wolf
Aim: a wolf (100% to hit)
Zombie hands grab the wolf.
The acid dragon roars!
* * * LOW HITPOINT WARNING * * *
The zombie hands constrict the wolf.
You hear a howl!
You hear a shout!
The wolf bites you!
* * * LOW HITPOINT WARNING * * *
The wolf bites you.
You die...

.......<.....##..
..###+##....##8~.
#......##!.#.
######..##....#
........#.#W.##.
....#..©#B#..#D.
... ##..#O#..##
.. #..##O.C.##
....##.@.##..#.##
#...###h.##8~...
#...# ##..##B$
#...# ##...##.
#.#...# #..#..#
.~. #.#...#
#.###..## ≈~~~
#.#...###.# #....
~~... #.#...h.T.#
#...
~..~.##.#...#####
###


You could see a boulder beetle, 2 two-headed ogres, a cyclops, an acid dragon, a
shadow and a wolf (clutched).

Vanquished Creatures
  An ugly thing (D:11)
  Joseph (D:8)
  Maggie (D:10)
  A kobold demonologist (D:10)
  A troll (D:6)
  Sigmund (D:5)
  17 yaks
  A vampire (D:10)
  Eustachio (D:6)
  A wyvern (D:7)
  3 vampire mosquitoes (D:11)
  An acid dragon (D:9)
  A water moccasin (D:5)
  2 sky beasts (D:7)
  2 orc warriors
  2 black bears
  3 ice beasts
  3 centaurs
  2 kobold brigands
  A gnoll sergeant (D:10)
  4 bullfrogs
  3 necrophages
  3 scorpions (D:5)
  5 wights (D:6)
  22 killer bees
  6 howler monkeys
  An electric eel (D:11)
  A crimson imp (D:10)
  A jelly (D:5)
  3 orc priests
  5 hounds
  An iron imp (D:6)
  10 iguanas
  3 orc wizards
  4 gnolls (D:10)
  8 adders
  2 shadow imps (D:6)
  3 white imps
  2 ufetubi (D:6)
  2 worms
  4 dart slugs
  24 orcs
  4 bats
  4 endoplasms (D:3)
  3 giant cockroaches
  10 hobgoblins
  A quokka (D:2)
  12 ball pythons
  A frilled lizard (D:2)
  4 goblins
  A goblin zombie (D:6)
  2 hobgoblin zombies (D:6)
  16 kobolds
  3 kobold zombies (D:6)
  3 orc skeletons (D:6)
  An orc zombie (D:6)
  5 rats
233 creatures vanquished.

Vanquished Creatures (others)
  371 foxfires
  3 plants (D:4)
374 creatures vanquished.

Grand Total: 607 creatures vanquished

Notes
Turn   | Place    | Note
-------+----------+-------------------------------------------
     0 | D:1      | Delarado the Djinni Fire Elementalist began the quest for
                  | the Orb.
     0 | D:1      | Delarado set off with the following spells memorised:
                  | Foxfire, Scorch, Conjure Flame, Inner Flame, Flame Wave.
     0 | D:1      | Reached XP level 1. HP: 15/15 MP: 0/0
   543 | D:1      | Found a faded altar of an unknown god.
   763 | D:1      | Reached XP level 2. HP: 19/21 MP: 0/0
  1259 | D:2      | Reached XP level 3. HP: 25/25 MP: 0/0
  1259 | D:2      | Learned a level 1 spell: Sting
  1629 | D:2      | Reached XP level 4. HP: 31/31 MP: 0/0
  1728 | D:2      | Identified the +7 dagger of Wutuwk {vorpal, rF++ Stlth+}
  2175 | D:3      | Found the +7 Throatcutter {drain, coup de grace}
  2912 | D:3      | Reached XP level 5. HP: 35/35 MP: 0/0
  2912 | D:3      | Learned a level 2 spell: Blink
  3056 | D:4      | Found a staircase to the Ecumenical Temple.
  3066 | Temple   | Entered the Ecumenical Temple
  3439 | D:4      | Reached XP level 6. HP: 40/40 MP: 0/0
  3464 | D:4      | Reached skill level 5 in Spellcasting
  3781 | D:4      | Reached XP level 7. HP: 42/45 MP: 0/0
  3781 | D:4      | Learned a level 3 spell: Lesser Beckoning
  4270 | D:5      | Entered Level 5 of the Dungeon
  4324 | D:5      | Noticed Sigmund
  4327 | D:5      | Killed Sigmund
  4328 | D:5      | Reached XP level 8. HP: 47/50 MP: 0/0
  4480 | D:5      | Found Qeazaque's General Store.
  4486 | D:5      | Bought a potion of degeneration for 14 gold pieces
  4491 | D:5      | Reached skill level 1 in Fighting
  4576 | D:5      | Reached skill level 2 in Fighting
  4825 | D:5      | You are sucked into a shaft and drop 3 floors!
  4929 | D:5      | Identified the +6 dagger "Zykusut" {vorpal, rN+ Str-3
                  | Dex+3}
  4958 | D:5      | Reached skill level 3 in Fighting
  5248 | D:6      | Noticed a troll
  5252 | D:6      | Killed a troll
  5253 | D:6      | Reached skill level 4 in Fighting
  5256 | D:6      | Reached XP level 9. HP: 57/62 MP: 0/0
  5256 | D:6      | Learned a level 3 spell: Ozocubu's Armour
  5339 | D:6      | Reached skill level 5 in Fighting
  5471 | D:6      | Reached skill level 6 in Fighting
  5545 | D:6      | Found a glowing golden altar of the Shining One.
  5720 | D:6      | Identified the +4 hand axe of Utyplil {holy, *Slow +Blink
                  | rF++ rC-}
  5766 | D:6      | Reached skill level 7 in Fighting
  5789 | D:6      | Noticed Eustachio
  5793 | D:6      | Killed Eustachio
  6129 | D:7      | Reached skill level 8 in Fighting
  6380 | D:7      | Reached XP level 10. HP: 77/77 MP: 0/0
  6463 | D:7      | Reached skill level 9 in Fighting
  6815 | D:7      | Found a shimmering altar of Xom.
  6870 | D:7      | Noticed an angel
  6873 | D:7      | Found a glowing silver altar of Zin.
  7118 | D:8      | Reached skill level 10 in Fighting
  7418 | D:8      | Noticed Joseph
  7426 | D:8      | Killed Joseph
  7427 | D:8      | Reached skill level 11 in Fighting
  8146 | D:9      | Found a staircase to the Orcish Mines.
  8159 | D:9      | Reached XP level 11. HP: 60/89 MP: 0/0
  8159 | D:9      | Learned a level 5 spell: Borgnjor's Vile Clutch
  8431 | D:9      | Reached skill level 12 in Fighting
  8613 | D:10     | Entered Level 10 of the Dungeon
  8717 | D:10     | Found a burning altar of Makhleb.
  8725 | D:10     | Became a worshipper of Makhleb the Destroyer
  8847 | D:10     | Found a blossoming altar of Fedhas.
  8863 | D:10     | Found a shadowy altar of Dithmenos.
  8863 | D:10     | Found a broken altar of Ashenzari.
  8970 | D:10     | Noticed Maggie
  8975 | D:10     | Killed Maggie
  8976 | D:10     | Reached skill level 10 in Spellcasting
  9036 | D:10     | Found a runed translucent gate.
  9036 | D:10     | Found a runed translucent gate.
  9036 | D:10     | Found a runed translucent gate.
  9040 | D:10     | Noticed alexxx's ghost (journeyman FeSu)
  9251 | D:11     | Noticed a two-headed ogre
  9251 | D:11     | Noticed a boulder beetle
  9251 | D:11     | Found a transporter.
  9254 | D:11     | Noticed a two-headed ogre
  9256 | D:11     | Noticed a green ugly thing
  9259 | D:11     | Noticed a cyclops
  9260 | D:11     | Noticed a wolf spider
  9283 | D:11     | Noticed a brown ugly thing
  9293 | D:11     | Killed a brown ugly thing
  9311 | D:11     | Slain by a wolf

Illustrated notes

Levels and vault maps discovered:
D:1:      psy_arrival_fountain, layout_loops_ring,
          hellmonk_ecumenical_altar_blasted
D:2:      layout_loops_ring, lightli_corner_chamber
D:3:      layout_basic, st_stairs_11, grunt_ministairs_6,
          dilly_guarded_unrand_throatcut
D:4:      layout_basic, minmay_temple_entry_gardened_gates, kennysheep_dice
D:5:      layout_rooms, serial_shops, shop, uniq_sigmund
D:6:      layout_rooms, nicolae_tso_besieged_by_evil, uniq_eustachio,
          uniq_crazy_yiuf_cottage
D:7:      minmay_recursive_quarters, layout_basic,
          grunt_temple_overflow_order_and_chaos_1
D:8:      layout_rooms, uniq_joseph
D:9:      layout_roguey, orc_0_dummy
D:10:     layout_gridville, grunt_temple_overflow_lords_of_destruction,
          grunt_temple_overflow_open, gammafunk_ghost_nasty_kobolds, uniq_maggie
D:11:     layout_basic, erik_lair_island, nzn_ghost_randoct, uniq_urug
Temple:   nicolae_temple_figure_eight

Skill      XL: |  1  2  3  4  5  6  7  8  9 10 11 |
---------------+----------------------------------+-----
Spellcasting   | 3 4 5 6 7 8 10 | 10.3
Fighting       | 4 8 11 12 | 12.0
Dodging        | |  2.1
Stealth        | |  1.5

Action                   |  1- 3 |  4- 6 |  7- 9 | 10-12 || total
-------------------------+-------+-------+-------+-------++-------
Melee: Whip              |    14 |     3 |       |       ||    17
       Dagger            |       |    13 |    11 |     3 ||    27
 Cast: Foxfire           |    37 |    59 |    60 |    76 ||   232
       Scorch            |       |    15 |    37 |    24 ||    76
       Inner Flame       |       |     8 |    53 |    74 ||   135
       Blink             |       |       |     1 |       ||     1
       Sting             |       |       |     1 |       ||     1
       Ozocubu's Armour  |       |       |     2 |     1 ||     3
       Flame Wave        |       |       |       |     2 ||     2
       Conjure Flame     |       |       |       |     1 ||     1
       Borgnjor's Vile C |       |       |       |    16 ||    16
Evoke: Wand              |       |       |     1 |       ||     1
  Use: Scroll            |       |     3 |     6 |     2 ||    11
       Potion            |       |       |       |     1 ||     1
Armor: Robe              |     4 |     2 |     4 |     5 ||    15
Dodge: Dodged            |    11 |    19 |    25 |    29 ||    84
Block: Buckler           |       |       |       |     4 ||     4
